 Dungeon Crawl Stone Soup version 0.17.0-28-g6e173f8 (webtiles) character file.

20239 Beldrama the Bludgeoner (level 12, -22/64 HPs)
             Began as a Gargoyle Fighter on Nov 25, 2015.
             Was a High Priest of Okawaru.
             Killed from afar by a fire drake (28 damage)
             ... with a blast of flame
             ... on level 4 of the Lair of Beasts.
             The game lasted 01:04:27 (15147 turns).

Beldrama the Bludgeoner (Gargoyle Fighter)         Turns: 15147, Time: 01:04:27

Health: -22/64     AC: 29    Str: 26      XL:     12   Next: 77%
Magic:  12/12      EV:  7    Int:  8      God:    Okawaru [*****.]
Gold:   825        SH:  0    Dex:  8 (9)  Spells: 0 memorised, 11 levels left

rFire  . . .     SeeInvis .     B - +0 dire flail
rCold  . . .     Clarity  +     f - +1 plate armour
rNeg   + . .     SustAt   .     (shield currently unavailable)
rPois  ∞         Gourm    .     a - +0 helmet
rElec  +         Spirit   .     l - +2 cloak
rCorr  .         Warding  .     v - +0 pair of gloves
rMut   .         Stasis   .     (no boots)
MR     .....                    d - amulet of clarity
Stlth  ..........               (no ring)
                                (no ring)

@: very slightly contaminated, not resistant to hostile enchantments, extremely
unstealthy
A: negative energy resistance 1, electricity resistance, unbreathing,
petrification resistance, rot immunity, AC +8
a: Heroism, Finesse, Renounce Religion


You were on level 4 of the Lair of Beasts.
You worshipped Okawaru.
Okawaru was extremely pleased with you.
You were not hungry.

You visited 3 branches of the dungeon, and saw 16 of its levels.
You also visited: Sewer.

You collected 825 gold pieces.

Inventory:

Hand Weapons
 B - a +0 dire flail (weapon)
Armour
 a - a +0 helmet (worn)
 f - a +1 plate armour (worn)
 l - a +2 cloak (worn)
 v - a +0 pair of gloves (worn)
Rods
 g - a -1 lightning rod (9/9)
   (You found it in a sewer)
Jewellery
 d - an amulet of clarity (around neck)
 n - an uncursed ring of ice
 t - an uncursed ring of poison resistance
 G - an uncursed ring of ice
Wands
 c - a wand of magic darts (9)
 i - a wand of polymorph (15)
 p - a wand of frost (20)
 s - a wand of magic darts (22)
 y - a wand of magic darts (21)
 A - a wand of draining (9)
Scrolls
 j - 5 scrolls of amnesia
 k - 3 scrolls of teleportation
 m - 4 scrolls of enchant weapon
 o - 3 scrolls of identify
 w - 6 scrolls of remove curse
 z - 2 scrolls of recharging
 D - a scroll of fog
 I - a scroll of enchant armour
Potions
 e - a potion of might
 h - a potion of flight
 r - 2 potions of haste
 u - a potion of brilliance
 E - 2 potions of curing
Books
 x - a Grand Grimoire

   Spells                             Type                      Level
   a - Monstrous Menagerie            Summoning                    6
   b - Summon Greater Demon           Summoning                    7
   c - Malign Gateway                 Summoning/Translocation      7
   d - Summon Horrible Things         Summoning                    8
 F - a book of Battle

   Spells                             Type                      Level
   a - Infusion                       Charms                       1
   b - Shroud of Golubria             Charms/Translocation         2
   c - Song of Slaying                Charms                       2
   d - Spectral Weapon                Hexes/Charms                 3
   e - Regeneration                   Charms/Necromancy            3
 J - an Akashic Record

   Spells                             Type                      Level
   a - Dispersal                      Translocation                6
   b - Malign Gateway                 Summoning/Translocation      7
   c - Disjunction                    Translocation                8
   d - Controlled Blink               Translocation                8
Comestibles
 b - 2 meat rations
 C - 2 bread rations
 H - 4 chunks of flesh
 K - a slice of pizza


   Skills:
 - Level 3.2 Fighting
 * Level 18.3 Maces & Flails
 + Level 7.7 Armour
   Level 3.2 Shields
 + Level 1.3 Invocations


You had 11 spell levels left.
You didn't know any spells.

Dungeon Overview and Level Annotations

Branches:
Dungeon (11/15)            Temple (1/1) D:7            Lair (4/8) D:9
 Spider (0/4) Lair:3
  Swamp: Lair:3-6    Shoals: Lair:3-6       Orc: D:9-12

Altars:
Ashenzari
Cheibriados
Dithmenos
Elyvilon
Fedhas
Gozag
Kikubaaqudgha
Makhleb
Nemelex Xobeh
Okawaru
Qazlal
Ru
Sif Muna
Trog
Vehumet
Xom
Yredelemnul
Zin
The Shining One

Annotations:
D:5 Prince Ribbit
Lair:2 exclusion: oklob plant


Innate Abilities, Weirdness & Mutations

You are resistant to torment.
Your stone body is resilient (AC +8).
You are immune to poison.
You resist negative energy.
You are resistant to electric shocks.
You can survive without breathing.
You are immune to petrification.
You are immune to rotting.


Message History

Press: ? - help, Dir - move target cursor You are very lightly contaminated with residual magic.
As you read the scroll of blinking, it crumbles to dust.
Drink which item? (? for menu, Esc to quit)
Okay, then.
Read which item? (? for menu, Esc to quit)
Okay, then.
Press: ? - help, v - describe, . - travel A rock wall.
Drink which item? (? for menu, Esc to quit)
Okay, then.
Read which item? (? for menu, Esc to quit)
As you read the scroll of fog, it crumbles to dust.
The scroll dissolves into smoke.
Read which item? (? for menu, Esc to quit)
As you read the scroll of fog, it crumbles to dust.
The scroll dissolves into smoke.
The fire drake breathes flames at you. The blast of flame hits you!
You die... ▒▒▒▒∙∙▒▒∙∙∙∙∙∙▒∙∙∙∙∙∙∙∙∙∙▒▒▒▒∙∙∙ ▒∙∙∙∙∙∙∙∙∙∙∙∙∙∙∙∙∙P▒∙∙∙∙∙▒∙∙∙∙∙∙ ▒∙∙∙∙∙∙▒∙∙∙∙∙▒P∙∙∙▒▒∙∙∙∙∙∙▒∙∙∙∙∙ ▒∙∙∙∙∙■∙∙∙∙∙∙▒▒∙∙∙▒▒∙∙%∙∙▒▒∙∙∙∙∙ ▒∙∙▒▒∙▒▒∙∙∙∙∙▒▒▒∙▒▒∙∙∙∙∙∙▒▒∙▒▒▒∙ ▒∙∙ ▒▒∙∙>∙k∙∙∙∙∙∙∙∙∙∙∙∙∙∙∙▒∙▒P▒∙ ∙∙∙ ∙∙∙∙∙∙∙∙∙∙∙∙∙)∙∙∙∙∙∙∙∙∙∙∙∙∙

∙∙
∙∙∙∙∙∙######!∙∙∙∙∙∙∙∙∙∙∙∙∙∙
∙∙
∙∙∙∙∙∙∙####@#<%∙∙∙∙∙∙∙∙∙∙∙∙∙
∙∙∙∙∙∙######∙∙∙∙∙∙∙∙∙∙∙∙∙∙∙
∙∙∙∙∙∙∙∙#∙##∙∙∙∙∙∙▒∙▒P∙▒∙∙∙
∙∙∙∙∙∙∙∙∙∙∙∙∙∙∙∙∙∙∙▒▒▒▒▒▒∙∙
▒∙∙∙∙∙∙∙∙∙∙∙∙∙∙∙∙∙P▒ ∙∙
▒▒∙∙∙∙P∙∙∙▒▒∙∙∙∙∙∙∙▒ ∙
▒∙∙∙∙▒▒∙∙▒P∙▒∙∙∙∙∙▒
∙∙∙∙∙■∙∙∙∙∙∙▒P∙∙∙▒▒
∙▒∙∙∙∙∙▒∙∙∙∙▒


You could see a fire drake.

Vanquished Creatures
  A hydra (Lair:1)
  The ghost of Voland the Grappler, a novice TrFi of Trog (Lair:1)
  Erolcha (D:9)
  Pikel (D:5)
  2 black mambas
  6 spiny frogs
  4 komodo dragons
  A troll (D:9)
  A fire drake (Lair:1)
  The ghost of Ponchio the Magician, a novice DEFE (D:4)
  Grinder (D:5)
  7 blink frogs
  Sigmund (D:5)
  13 yaks
  3 hippogriffs
  A basilisk (Lair:3)
  3 hungry ghosts
  4 water moccasins
  7 wolves
  8 porcupines
  3 wargs (D:9)
  The ghost of Solomon123 the Skirmisher, an amateur OgBe of Trog (D:3)
  Duvessa (D:6)
  2 phantoms
  3 black bears
  3 orc warriors (D:8)
  A sky beast (D:6)
  4 ogres (D:8)
  2 ice beasts
  3 centaurs
  4 crocodiles
  Blork the orc (D:4)
  3 big kobolds (D:8)
  A wyvern zombie (D:4)
  16 giant frogs
  A water moccasin zombie (D:9)
  16 killer bees
  4 scorpions
  Dowan (D:6)
  3 wights (D:6)
  9 crimson imps
  3 hounds
  A centaur zombie (D:6)
  Crazy Yiuf (D:5)
  3 iguanas
  2 jellies
  A centaur skeleton (D:5)
  4 gnoll shamans (D:8)
  11 orc wizards
  5 orc priests
  A giant frog skeleton (D:8)
  Terence (D:3)
  9 worker ants
  12 sheep
  A worker ant zombie (D:8)
  23 river rats
  16 adders
  8 gnolls (D:8)
  2 shadow imps (D:5)
  8 oozes
  3 adder skeletons
  An adder zombie (D:5)
  5 worms
  12 giant geckos
  35 orcs
  9 ball pythons
  12 giant cockroaches
  8 goblins
  9 hobgoblins
  15 jackals
  2 quokkas
  A bat (D:2)
  A giant gecko zombie (D:5)
  17 giant newts
  18 kobolds
  A rat (D:2)
  A spectral orc (D:3)
  A plant (D:8)
412 creatures vanquished.

Vanquished Creatures (others)
  2 slaves (D:5)
  A ball python (D:2)
  6 fungi
  A plant (D:8)
10 creatures vanquished.

Grand Total: 422 creatures vanquished

Notes
Turn   | Place    | Note
--------------------------------------------------------------
     0 | D:1      | Beldrama the Gargoyle Fighter began the quest for the Orb.
     0 | D:1      | Reached XP level 1. HP: 14/14 MP: 1/1
    52 | D:1      | Gained mutation: You are weak. (Str -2) [potion of mutation]
    52 | D:1      | Gained mutation: You occasionally shout uncontrollably at your foes. [potion of mutation]
    52 | D:1      | Gained mutation: You are robust (+10% HP). [potion of mutation]
   127 | D:1      | Reached XP level 2. HP: 18/20 MP: 2/2
   716 | D:1      | Reached XP level 3. HP: 25/25 MP: 3/3
   833 | D:2      | Found a white marble altar of Elyvilon.
   910 | D:2      | Reached skill level 4 in Maces & Flails
   917 | D:2      | Reached XP level 4. HP: 30/30 MP: 4/4
  1331 | D:3      | Noticed Solomon123's ghost (amateur OgBe)
  1357 | D:2      | Reached skill level 5 in Maces & Flails
  1357 | D:2      | Reached XP level 5. HP: 19/35 MP: 5/5
  1597 | D:3      | Noticed Terence
  1608 | D:3      | Killed Terence
  1754 | D:3      | Found a shimmering altar of Xom.
  1754 | D:3      | Found a shattered altar of Ashenzari.
  2216 | D:4      | Noticed Ponchio's ghost (novice DEFE)
  2245 | D:5      | Entered Level 5 of the Dungeon
  2464 | D:5      | Reached skill level 6 in Maces & Flails
  2464 | D:5      | Reached XP level 6. HP: 33/40 MP: 6/6
  2488 | D:5      | Found a glowing drain.
  2493 | Sewer    | Entered a sewer
  2936 | Sewer    | Reached skill level 7 in Maces & Flails
  2948 | Sewer    | Reached XP level 7. HP: 9/45 MP: 7/7
  3408 | D:5      | Noticed Sigmund
  3409 | D:5      | Found a shattered altar of Ashenzari.
  3413 | D:5      | Noticed a phantom
  3454 | D:5      | Noticed Grinder
  3455 | D:5      | Noticed a slave
  3456 | D:5      | Noticed a slave
  3656 | D:4      | Noticed a phantom
  3692 | D:4      | Killed a phantom
  3692 | D:4      | Reached skill level 8 in Maces & Flails
  3811 | D:4      | Lost mutation: You are weak. (Str -2) [potion of cure mutation]
  3811 | D:4      | Lost mutation: You occasionally shout uncontrollably at your foes. [potion of cure mutation]
  3811 | D:4      | Lost mutation: You are robust (+10% HP). [potion of cure mutation]
  3963 | D:4      | Found a deep blue altar of Sif Muna.
  3963 | D:4      | Noticed Blork the orc
  3999 | D:4      | Killed Blork the orc
  4216 | D:4      | Reached skill level 9 in Maces & Flails
  4216 | D:4      | Reached XP level 8. HP: 42/46 MP: 8/8
  4312 | D:4      | Noticed a black bear
  4323 | D:4      | Killed a black bear
  4501 | D:4      | Found an opulent altar of Gozag.
  4604 | D:4      | HP: 1/46 [Ponchio's ghost/flame tongue (7)]
  4606 | D:4      | Killed Ponchio's ghost
  4606 | D:4      | Reached skill level 10 in Maces & Flails
  5250 | D:3      | Killed Solomon123's ghost
  5269 | D:3      | Found a basalt altar of Yredelemnul.
  5618 | D:5      | Noticed Pikel
  5619 | D:5      | Noticed a slave
  5621 | D:5      | Noticed a slave
  5630 | D:5      | Killed Pikel
  5630 | D:5      | Reached skill level 11 in Maces & Flails
  5630 | D:5      | Reached XP level 9. HP: 46/51 MP: 9/9
  5631 | D:5      | Noticed Prince Ribbit
  5634 | D:5      | Killed a freed slave
  5636 | D:5      | Killed a freed slave
  5701 | D:5      | Noticed Crazy Yiuf
  5705 | D:5      | Paralysed by Crazy Yiuf for 2 turns
  5714 | D:5      | Killed Crazy Yiuf
  5728 | D:5      | Killed Sigmund
  5863 | D:5      | Paralysed by Grinder for 6 turns
  5881 | D:5      | Killed Grinder
  5881 | D:5      | Reached skill level 12 in Maces & Flails
  5981 | D:5      | Killed a phantom
  6016 | D:6      | Noticed Dowan
  6029 | D:6      | Killed Dowan
  6031 | D:6      | Found a burning altar of Makhleb.
  6031 | D:6      | Noticed Duvessa
  6048 | D:6      | Killed Duvessa
  6335 | D:6      | Found a shadowy altar of Dithmenos.
  6600 | D:6      | Reached skill level 13 in Maces & Flails
  6846 | D:7      | Reached XP level 10. HP: 51/56 MP: 10/10
  7345 | D:7      | Found a burning altar of Makhleb.
  7372 | D:7      | Found a staircase to the Ecumenical Temple.
  7477 | Temple   | Entered the Ecumenical Temple
  7481 | Temple   | Became a worshipper of Warmaster Okawaru
  7731 | D:8      | Found a shattered altar of Ashenzari.
  7875 | D:8      | Reached skill level 14 in Maces & Flails
  8630 | D:8      | Reached * piety under Okawaru
  8924 | D:8      | You fall through a shaft for 3 floors!
  8995 | D:10     | Entered Level 10 of the Dungeon
  9244 | D:8      | Reached skill level 15 in Maces & Flails
  9866 | D:8      | Reached ** piety under Okawaru
 10155 | D:9      | Reached XP level 11. HP: 53/60 MP: 11/11
 10563 | D:9      | Reached *** piety under Okawaru
 10736 | D:9      | Noticed Erolcha
 10824 | D:9      | Found a staircase to the Lair.
 10943 | D:9      | Reached skill level 16 in Maces & Flails
 11349 | D:9      | Killed Erolcha
 11349 | D:9      | Reached **** piety under Okawaru
 11474 | Lair:1   | Entered Level 1 of the Lair of Beasts
 11589 | Lair:1   | Reached skill level 5 in Armour
 11827 | Lair:1   | Noticed an eight-headed hydra
 11838 | Lair:1   | Killed an eight-headed hydra
 11838 | Lair:1   | Reached ***** piety under Okawaru
 12156 | Lair:1   | Noticed Voland's ghost (novice TrFi)
 12192 | Lair:1   | Killed Voland's ghost
 12192 | Lair:1   | Reached skill level 17 in Maces & Flails
 12192 | Lair:1   | Reached XP level 12. HP: 46/64 MP: 12/12
 12946 | Lair:2   | Reached skill level 1 in Invocations
 13195 | Lair:2   | Received a gift from Okawaru
 14247 | Lair:3   | Reached skill level 18 in Maces & Flails
 14315 | Lair:3   | Found a hole to the Spider Nest.
 15147 | Lair:4   | Killed from afar by a fire drake

Action                   |  1- 3 |  4- 6 |  7- 9 | 10-12 || total
-------------------------+-------+-------+-------+-------++-------
Melee: Flail             |   155 |   382 |   476 |   506 ||  1519
       Dire flail        |       |       |       |   883 ||   883
Invok: Heroism           |       |       |       |     2 ||     2
  Use: Potion            |     6 |     3 |     5 |     4 ||    18
       Scroll            |     4 |     4 |     6 |    11 ||    25
  Eat: Chunk             |     1 |     3 |     4 |    20 ||    28
       Bread ration      |       |     1 |     1 |     2 ||     4
       Fruit             |       |       |     2 |       ||     2
       Royal jelly       |       |       |     1 |     3 ||     4
       Meat ration       |       |       |       |     4 ||     4
       Beef jerky        |       |       |       |     1 ||     1
